 Dungeon Crawl Stone Soup version 0.30-a0-777-ga9a30cbeda (webtiles) character file.

Game seed: 11595291912316187489

103 mopl the Gusty (level 4, 0/33 HPs)
             Began as a Draconian Air Elementalist on Feb 14, 2023.
             Frozen to death by an endoplasm (2 damage)
             ... on level 1 of the Dungeon.
             The game lasted 00:01:58 (968 turns).

mopl the Gusty (Draconian Air Elementalist)          Turns: 968, Time: 00:01:59

Health: 0/33       AC:  5    Str: 10    XL:     4   Next: 51%
Magic:  5/8        EV: 12    Int: 24    God:
Gold:   114        SH:  0    Dex: 11    Spells: 2/9 levels left

rFire   . . .      SeeInvis .    d - +0 short sword (venom)
rCold   . . .      Faith    .    (no shield)
rNeg    . . .      Spirit   .    (body armour unavailable)
rPois   .          Reflect  .    (helmet restricted)
rElec   .          Harm     .    (no cloak)
rCorr   .          Rampage  .    (no gloves)
Will    .....                    (no boots)
Stlth   ++                       (no amulet)
HPRegen 0.25/turn                h - +6 ring of intelligence
MPRegen 0.11/turn                (no ring)

@: no status effects
A: AC +5, unfitting armour, cold-blooded
a: no special abilities


You were on level 1 of the Dungeon.
You visited 1 branch of the dungeon, and saw 2 of its levels.

You collected 114 gold pieces.

Inventory:

Hand Weapons
 d - a +0 short sword of venom (weapon)
Jewellery
 h - a +6 ring of intelligence (left hand)
Scrolls
 b - a scroll of brand weapon {unknown}
 c - a scroll of identify {unknown}
 e - a scroll of noise {unknown}
 f - 3 scrolls of fog {unknown}
 i - 2 scrolls of amnesia {unknown}
Potions
 a - a potion of magic
 g - a potion of might {unknown}
 j - a potion of cancellation {unknown}


   Skills:
 - Level 1.7 Dodging
 - Level 1.7 Stealth
 + Level 3.0 Spellcasting
 + Level 2.6 Conjurations
 + Level 3.9 Air Magic


You had 2 spell levels left.
You knew the following spells:

 Your Spells              Type           Power      Damage    Failure   Level
a - Shock                 Conj/Air       76%        1d7       2%          1
b - Static Discharge      Conj/Air       38%        2-4/arc   4%          2
f - Airstrike             Air            11%        2d(2-18)  22%         4

Your spell library contained the following spells:

 Spells                   Type           Power      Damage    Failure   Level
 Swiftness                Air            22%        N/A       6%          3
 Yara's Violent Unravell  Hex/Tmut       1%         3d3       96%         5
 Enfeeble                 Hex            1%         N/A       100%        7


Dungeon Overview and Level Annotations

Branches:
Dungeon (2/15)

Altars:


Innate Abilities, Weirdness & Mutations

Your plain brown scales are hard. (AC +5)
You cannot fit into any form of body armour.
You are cold-blooded and may be slowed by cold attacks.


Message History

There is a stone staircase leading down here.
You hit the quokka.
The quokka is poisoned.
The quokka is moderately wounded.
The quokka closely misses you. The endoplasm freezes you.
You are frozen.
* * * LOW HITPOINT WARNING * * *
You hit the quokka.
You kill the quokka!
The endoplasm barely misses you. The endoplasm hits you.
* * * LOW HITPOINT WARNING * * *
Casting: Shock (safe; 2% risk of failure)
Confirm with . or Enter, or press ? or * to list all spells.
Aiming: Shock (safe; 2% risk of failure)
Press: ? - help, Shift-Dir - straight line, f - endoplasm
Aim: an endoplasm (98% to hit)
The zap hits the endoplasm.
The endoplasm is lightly wounded.
You feel yourself speed up. The endoplasm closely misses you.
Unknown command.
Casting: Shock (safe; 2% risk of failure)
Confirm with . or Enter, or press ? or * to list all spells.
Aiming: Shock (safe; 2% risk of failure)
Press: ? - help, Shift-Dir - straight line, f/p - endoplasm
Aim: an endoplasm (lightly wounded, 98% to hit)
The zap hits the endoplasm.
The endoplasm is heavily wounded.
The endoplasm hits you but does no damage.
Unknown command.
Casting: Shock (safe; 2% risk of failure)
Confirm with . or Enter, or press ? or * to list all spells.
Aiming: Shock (safe; 2% risk of failure)
Press: ? - help, Shift-Dir - straight line, f/p - endoplasm
Aim: an endoplasm (heavily wounded, 98% to hit)
The zap hits the endoplasm.
The endoplasm is almost dead.
The endoplasm freezes you.
You are frozen.
You die...

.# #.##.# #....# .# #.##.#
###....####### .# #.##.#
#.'....'.....# .# #.##.#
#.#....#####.# .#
#.##.######.#....# #.# .#
#.##........#....#####.#######
.###............................#
...............J#########.#####.#
................@# #.# #.#
..............#..### #.# #.#
######.....##......# #.# #.#
#.....##......# #.# #.#
#.....##......# #.#####.#
#.....##.#..### #.....)..
#.....##.#..##############.#
#.....##.#.................. ####
#.....##.#.......)........##


You could see an endoplasm.

Vanquished Creatures
  Natasha (twice) (D:2)
  A worm (D:2)
  2 dart slugs (D:1)
  2 bats (D:1)
  5 endoplasms
  2 giant cockroaches (D:1)
  4 goblins (D:1)
  7 hobgoblins
  4 jackals (D:1)
  5 kobolds
  4 quokkas (D:1)
  A ball python (D:1)
  2 rats (D:1)
41 creatures vanquished.

Notes
Turn   | Place    | Note
-------+----------+-------------------------------------------
     0 | D:1      | mopl the Draconian Air Elementalist began the quest for the
                  | Orb.
     0 | D:1      | Reached XP level 1. HP: 14/14 MP: 3/3
    99 | D:1      | Reached XP level 2. HP: 16/20 MP: 1/5
   156 | D:1      | Learned a level 2 spell: Static Discharge
   397 | D:1      | You fall into a shaft and drop 1 floor!
   538 | D:1      | Reached XP level 3. HP: 25/26 MP: 3/6
   565 | D:1      | Reached skill level 2 in Conjurations
   831 | D:2      | Noticed Natasha
   838 | D:2      | Killed Natasha
   839 | D:2      | Reached XP level 4. HP: 25/33 MP: 1/8
   847 | D:2      | Noticed Natasha
   903 | D:2      | Killed Natasha
   904 | D:2      | Reached skill level 3 in Spellcasting
   933 | D:2      | Learned a level 4 spell: Airstrike
   965 | D:1      | HP: 1/33 [endoplasm (3)]
   968 | D:1      | Frozen to death by an endoplasm

Illustrated notes

Levels and vault maps discovered:
D:1:      psy_arrival_terrarium, layout_basic, minmay_tromino_i4
D:2:      layout_rooms, minmay_increasing_density, uniq_natasha

Skill      XL: |  1  2  3  4 |
---------------+-------------+-----
Conjurations   | 2 |  2.6
Spellcasting   | 3 |  3.0
Dodging        | |  1.7
Stealth        | |  1.7
Air Magic      | |  3.9

Action                     |  1- 3 |  4- 6 || total
---------------------------+-------+-------++-------
  Melee: Unarmed           |     7 |       ||     7
         Short sword       |    60 |    13 ||    73
         Tailslap          |     6 |     2 ||     8
         Punch             |     1 |       ||     1
   Cast: Shock             |    38 |     7 ||    45
   Stab: Sleeping          |     1 |       ||     1
 Armour: Skin              |    26 |     8 ||    34
  Dodge: Dodged            |    55 |    28 ||    83

Table legend: (Time is in decaauts)
 A = Elapsed time spent in this place.
 B = Non-inter-level travel time spent in this place.
 C = Inter-level travel time spent in this place.
 D = Time resting spent in this place.
 E = Time spent auto-exploring this place.
 F = Levels seen in this place.
 G = Mean time per level.
                   A        B        C        D        E       F      G
               +--------+--------+--------+--------+--------+-----+--------+
         Total |    982 |    956 |     26 |    172 |    482 |   2 |  491.0 |
       Dungeon |    982 |    956 |     26 |    172 |    482 |   2 |  491.0 |
               +--------+--------+--------+--------+--------+-----+--------+

Top non-repeatable levels by time:
     D:1: 872 daAuts
     D:2: 110 daAuts
